 Dungeon Crawl Stone Soup version 0.28-a0-643-g84cb2ea78e (webtiles) character file.

Game seed: 15261977307337440773

25677 siradein the Cleaver (level 13, -6/116 HPs)
             Began as a Hill Orc Fighter on Oct 11, 2021.
             Was a Follower of Kikubaaqudgha.
             Mangled by a death yak (25 damage)
             ... on level 3 of the Lair of Beasts.
             The game lasted 00:53:20 (16546 turns).

siradein the Cleaver (Hill Orc Fighter)            Turns: 16546, Time: 00:53:21

Health: -6/116     AC: 46    Str: 20    XL:     13   Next: 21%
Magic:  25/25      EV:  7    Int: 16    God:    Kikubaaqudgha [*.....]
Gold:   305        SH: 12    Dex: 15    Spells: 9/16 levels left

rFire   . . .      SeeInvis .   e - +5 war axe "Ydergh" {elec, +Blink Int+4}
rCold   . . .      Faith    .   F - +0 kite shield
rNeg    + . .      Spirit   .   c - +27 Lear's hauberk
rPois   .          Reflect  .   (helmet currently unavailable)
rElec   .          Harm     .   M - +2 cloak {Will+}
rCorr   .          Rampage  .   (gloves currently unavailable)
Will    +....                   (boots currently unavailable)
Stlth   ..........              g - amulet of the Endless Expanse {Acrobat rN+ MP+9 Dex+5}
HPRegen 0.29/turn               Q - +4 ring of protection
MPRegen 0.19/turn               G - ring of wizardry

@: no status effects
A: no striking features
a: Renounce Religion, Evoke Blink, Receive Corpses


You were on level 3 of the Lair of Beasts.
You worshipped Kikubaaqudgha.
Kikubaaqudgha was aware of your devotion.
You visited 3 branches of the dungeon, and saw 17 of its levels.
You also visited: Sewer.

You collected 2758 gold pieces.
You spent 2387 gold pieces at shops.
You paid 66 gold pieces to Gozag.

Inventory:

Hand Weapons
 e - the +5 war axe "Ydergh" (weapon) {elec, +Blink Int+4}
   (You bought it in a shop on level 7 of the Dungeon)

   It occasionally discharges a powerful burst of electricity upon striking a
   foe.
   Int:       It affects your intelligence (+4).
   +Blink:    It lets you blink.
 J - the +8 hunting sling "Wufob" {freeze, Drain rElec rN+ Int+2}
   (You found it on level 8 of the Dungeon)

   Any ammunition fired from it freezes those it strikes, dealing additional
   cold damage.
   It can also slow down cold-blooded creatures.
   Int:       It affects your intelligence (+2).
   rElec:     It insulates you from electricity.
   rN:        It protects you from negative energy.
   Drain:     It drains your maximum health when unequipped.
 Y - the +4 war axe "Laethol" {flame, Int+3}
   (You bought it in a shop on level 5 of the Dungeon)

   It burns those it strikes, dealing additional fire damage.
   Big, fiery blades are also staple armaments of hydra-hunters.
   Int:       It affects your intelligence (+3).
Missiles
 l - 25 silver boomerangs
 v - 49 poisoned darts (quivered)
 E - 6 throwing nets
 K - 513 stones
 L - 51 sling bullets
 S - a curare-tipped dart
Armour
 c - the +27 Lear's hauberk (worn)
   (You bought it in a shop on level 3 of the Dungeon)
 t - a +3 troll leather armour {Purgy}
 F - a +0 kite shield (worn)
 M - a +2 cloak of willpower (worn)
Jewellery
 f - a +4 ring of protection
 g - the amulet of the Endless Expanse (around neck) {Acrobat rN+ MP+9 Dex+5}
   (You acquired it on level 3 of the Dungeon)

   [amulet of the acrobat]

   It increases your evasion while moving and waiting.
   Dex:       It affects your dexterity (+5).
   rN:        It protects you from negative energy.
   MP:        It affects your magic capacity (+9).
 m - a +4 ring of evasion
 w - a ring of positive energy
 D - a ring of willpower
 G - a ring of wizardry (right hand)
 N - a +6 ring of dexterity
 Q - a +4 ring of protection (left hand)
 R - a ring of fire
 X - a ring of ice
Wands
 i - a wand of charming (6)
 j - a wand of digging (23)
 k - a wand of iceblast (19)
 u - a wand of paralysis (9)
 y - a wand of polymorph (8)
 U - a wand of flame (40)
Scrolls
 a - a scroll of holy word
 h - a scroll of silence
 n - 6 scrolls of enchant weapon {unknown}
 q - 5 scrolls of teleportation
 r - 2 scrolls of blinking {unknown}
 s - 3 scrolls of fog
 A - 3 scrolls of fear {unknown}
 B - 5 scrolls of noise {unknown}
 C - 4 scrolls of immolation {unknown}
 O - 2 scrolls of torment {unknown}
 P - a scroll of brand weapon {unknown}
 W - 2 scrolls of identify
Potions
 b - 4 potions of curing
 p - 2 potions of haste
 x - a potion of brilliance
 z - 2 potions of magic
 H - a potion of lignification {unknown}
 I - a potion of cancellation {unknown}
 T - 2 potions of berserk rage {unknown}
 V - a potion of flight {unknown}
 Z - 3 potions of mutation {unknown}


   Skills:
 + Level 11.6 Fighting
 + Level 12.3 Axes
 + Level 5.5(6.7) Slings
 - Level 6.0(7.0) Throwing
 + Level 10.7 Armour
 + Level 10.7 Shields
 + Level 2.2 Spellcasting
 + Level 3.2 Necromancy
 + Level 6.4 Evocations


You had 9 spell levels left.
You knew the following spells:

 Your Spells              Type           Power      Damage    Failure   Level
a - Vampiric Draining     Necr           6%         2d6       56%         3
b - Dispel Undead         Necr           12%        3d9       91%         4

Your spell library contained the following spells:

 Spells                   Type           Power      Damage    Failure   Level
 Animate Skeleton         Necr           24%        N/A       24%         1
 Pain                     Necr           48%        1d6       24%         1
 Sublimation of Blood     Necr           6%         N/A       34%         2
 Apportation              Tloc           2%         N/A       65%         1
 Summon Small Mammal      Summ           4%         N/A       65%         1
 Static Discharge         Conj/Air       1%         N/A       78%         2
 Sticky Flame             Conj/Fire      1%         2d3       100%        4
 Lightning Bolt           Conj/Air       0%         1d11      100%        5
 Maxwell's Capacitive Co  Air            0%         ∞         100%        8


Dungeon Overview and Level Annotations

Branches:
Dungeon (12/15)            Temple (1/1) D:6            Lair (4/6) D:10
  Swamp (0/4) Lair:3        Snake (0/4) Lair:3          Orc (0/2) D:10
  Sewer (visited)

Altars:
Ashenzari
Cheibriados
Dithmenos
Elyvilon
Fedhas
Gozag
Hepliaklqana
Kikubaaqudgha
Makhleb
Nemelex Xobeh
Okawaru
Qazlal
Ru
Sif Muna
Trog
Uskayaw
Vehumet
Wu Jian
Xom
Yredelemnul
Zin
The Shining One

Shops:
D:3 [   D:4 !   D:5 *   D:7 (

Annotations:
D:8 3 runed translucent doors
Lair:4 3 runed translucent doors, Ucinyis's ghost, journeyman MfBe


Message History

You slash the death yak!
The death yak is moderately wounded.
You block the death yak's attack.
You hit the death yak.
The death yak is moderately wounded.
You block the death yak's attack. The death yak gores you!!
You hit the death yak but do no damage.
The death yak is moderately wounded.
The death yak gores you but does no damage.
You hit the death yak.
The death yak is heavily wounded.
You block the death yak's attack. The death yak gores you!
You slash the death yak!
The death yak is heavily wounded.
The death yak gores you!! The death yak barely misses you.
You feel much better. You block the death yak's attack.
The death yak gores you!!
You slash the death yak!
Lightning courses through the death yak!
The death yak is severely wounded.
You block the death yak's attack.
You hit the death yak.
The death yak is severely wounded.
The death yak gores you!!
* * * LOW HITPOINT WARNING * * *
The death yak gores you but does no damage.
You slash the death yak!
Lightning courses through the death yak!
The death yak is severely wounded.
You block the death yak's attack.
You hit the death yak.
The death yak is almost dead.
The death yak gores you.
* * * LOW HITPOINT WARNING * * *
You hit the death yak.
The death yak is almost dead.
The death yak gores you!!
You die...
Kikubaaqudgha rasps: "You have failed me!
Welcome... death!"

.# ### ##.#...## #........... ##
### #.#...## ##..........
####.### ###.#P# ##...........
##.#...### ##.### #............
.#.......###..## #..##........
.........##....#### #..P##.....>.
...##.#..##..†>.#.###.####.......
...#####.......Y.......# #.......
#...# ##.......@.....####.#####P
...## ##.#.......#####...# ##
#...# #.#.###...# ##.## #
...########### ##..# ####.## ##
#...#...## #...# #.#P..# #.
.........# ###..###....## #.
...##....# #............# #.
.####.#..## ###..........# #.
...###....## #.....^.....# #.


You could see a death yak (berserk, incited).

Vanquished Creatures
  Rupert (Lair:3)
  Gastronok (Lair:3)
  Josephine (D:10)
  4 hydras
  A skeletal warrior (D:11)
  Pikel (D:6)
  2 cyclopes
  Maurice (D:8)
  4 elephants (Lair:4)
  6 cane toads
  7 komodo dragons
  Maggie (D:9)
  3 polar bears
  The ghost of SkeletonJelly the Magician, a novice TeFE (D:4)
  A troll (D:6)
  Sigmund (D:5)
  5 wraiths
  32 yaks
  2 wyverns (D:9)
  A steam dragon (D:6)
  Menkaure (D:7)
  Edmund (D:5)
  2 acid dragons
  3 water moccasins (Lair:3)
  Duvessa (D:5)
  2 orc warriors (D:9)
  A hornet zombie (D:9)
  3 ice beasts
  Purgy (Sewer)
  2 ogres
  8 wolves (Lair:3)
  3 centaurs
  A phantom (D:6)
  6 kobold brigands
  7 bullfrogs
  3 gnoll sergeants
  A scorpion (D:6)
  Dowan (D:5)
  12 killer bees
  An electric eel (Lair:1)
  3 howler monkeys
  4 centaur zombies
  3 hounds
  2 quasits (D:4)
  7 orc priests
  Crazy Yiuf (D:2)
  4 bullfrog skeletons
  A centaur skeleton (D:5)
  3 gnoll shamans
  4 iguanas
  10 orc wizards
  A killer bee zombie (D:8)
  A howler monkey zombie (D:9)
  24 gnolls
  5 adders
  3 shadow imps
  2 ufetubi
  3 dart slugs
  31 orcs
  7 endoplasms
  5 giant cockroaches
  3 goblins
  8 hobgoblins
  3 jackals (D:4)
  38 kobolds
  9 quokkas
  5 ball pythons
  6 bats
  12 frilled lizards
  4 rats
348 creatures vanquished.

Vanquished Creatures (others)
  8 fungi
  13 plants
21 creatures vanquished.

Grand Total: 369 creatures vanquished

Notes
Turn   | Place    | Note
-------+----------+-------------------------------------------
     0 | D:1      | siradein the Hill Orc Fighter began the quest for the Orb.
     0 | D:1      | Reached XP level 1. HP: 19/19 MP: 1/1
   343 | D:1      | Reached skill level 3 in Axes
   498 | D:1      | Reached XP level 2. HP: 27/27 MP: 2/2
   744 | D:1      | Reached XP level 3. HP: 33/33 MP: 3/3
   891 | D:1      | Found a faded altar of an unknown god.
  1271 | D:2      | Found a shimmering altar of Xom.
  1599 | D:2      | Reached XP level 4. HP: 35/40 MP: 4/4
  1769 | D:2      | Found a runed translucent door.
  1770 | D:2      | Noticed Crazy Yiuf
  2012 | D:3      | Identified a scroll of acquirement
  2012 | D:3      | Acquired the amulet of the Endless Expanse {Acrobat rN+
                  | MP+9 Dex+5}
  2177 | D:3      | Reached skill level 1 in Throwing
  2332 | D:3      | Found a hazy altar of Hepliaklqana.
  2422 | D:3      | Found Hucysh's Armour Shoppe.
  2534 | D:3      | Found a glowing drain.
  2548 | Sewer    | Entered a sewer
  2636 | Sewer    | Noticed Purgy
  2657 | Sewer    | Killed Purgy
  2658 | Sewer    | Reached skill level 4 in Axes
  2658 | Sewer    | Reached XP level 5. HP: 36/47 MP: 5/5
  3130 | D:4      | Found Weqoa's Distillery.
  3204 | D:4      | Noticed a yak
  3204 | D:4      | Noticed a yak
  3206 | D:4      | Noticed a yak
  3270 | D:4      | Reached XP level 6. HP: 46/53 MP: 6/6
  3275 | D:4      | Killed a yak
  3276 | D:4      | Reached skill level 5 in Fighting
  3281 | D:4      | Killed a yak
  3282 | D:4      | Reached skill level 5 in Axes
  3282 | D:4      | Reached XP level 7. HP: 37/61 MP: 7/7
  3282 | D:4      | Killed a yak
  3283 | D:4      | Reached skill level 5 in Armour
  3283 | D:4      | Reached skill level 5 in Shields
  3374 | D:4      | Found a transporter.
  3461 | D:4      | Noticed SkeletonJelly's ghost (novice TeFE)
  3470 | D:4      | Found a transporter.
  4100 | D:5      | Entered Level 5 of the Dungeon
  4121 | D:5      | Found Haurpheta's General Store.
  4133 | D:5      | Noticed Dowan
  4227 | D:5      | Reached XP level 8. HP: 70/70 MP: 8/8
  4238 | D:5      | Noticed Edmund
  4274 | D:5      | Killed Edmund
  4275 | D:5      | Reached skill level 6 in Axes
  4629 | D:5      | Noticed Duvessa
  4643 | D:5      | Killed Duvessa
  4655 | D:5      | Killed Dowan
  4688 | D:5      | Noticed Sigmund
  4746 | D:5      | Killed Sigmund
  4945 | D:6      | Noticed Pikel
  5427 | D:6      | Reached skill level 7 in Axes
  5430 | D:6      | Reached XP level 9. HP: 47/78 MP: 9/9
  5465 | D:6      | Found a staircase to the Ecumenical Temple.
  5486 | Temple   | Entered the Ecumenical Temple
  5630 | Temple   | Became a worshipper of Gozag Ym Sagoz the Greedy
  5697 | D:6      | Killed Pikel
  5799 | D:6      | Noticed a troll
  5829 | D:6      | Killed a troll
  5886 | D:6      | Reached skill level 5 in Throwing
  5887 | D:6      | Reached skill level 8 in Axes
  6514 | D:6      | Reached XP level 10. HP: 61/88 MP: 10/10
  6615 | D:7      | Noticed Menkaure
  6633 | D:7      | Killed Menkaure
  6936 | D:7      | Found Bibot's Antique Weapon Shop.
  6940 | D:7      | Bought a pitted war axe for 221 gold pieces
  6940 | D:7      | Identified the +5 war axe "Ydergh" {elec, +Blink Int+4}
                  | (You bought it in a shop on level 7 of the Dungeon)
  7048 | D:8      | Reached skill level 9 in Axes
  7127 | D:8      | Noticed Maurice
  7393 | D:8      | Killed Maurice
  7394 | D:8      | Reached skill level 1 in Evocations
  7520 | D:8      | Found a runed translucent gate.
  7521 | D:8      | Found a runed translucent gate.
  7521 | D:8      | Noticed a purple ugly thing
  7521 | D:8      | Noticed a white ugly thing
  7521 | D:8      | Noticed a purple ugly thing
  7522 | D:8      | Found a runed translucent gate.
  7522 | D:8      | Noticed a brown ugly thing
  7719 | D:8      | Identified the +8 hunting sling "Wufob" {freeze, Drain
                  | rElec rN+ Int+2}
  8181 | D:2      | Killed Crazy Yiuf
  8425 | D:4      | Killed SkeletonJelly's ghost
  9123 | D:9      | Reached skill level 1 in Slings
  9271 | D:9      | Noticed Maggie
  9284 | D:9      | Killed Maggie
  9285 | D:9      | Reached XP level 11. HP: 55/97 MP: 11/11
  9374 | D:9      | Reached skill level 10 in Axes
  9530 | D:10     | Entered Level 10 of the Dungeon
  9752 | D:10     | Found a staircase to the Orcish Mines.
 10330 | D:10     | Noticed Josephine
 10351 | D:10     | Killed Josephine
 10355 | D:10     | Reached skill level 10 in Fighting
 10390 | D:10     | Found a staircase to the Lair.
 10541 | D:5      | Bought the +4 war axe "Laethol" {flame, Int+3} for 475 gold
                  | pieces
 10802 | D:11     | Noticed a cyclops
 10936 | D:10     | Killed a cyclops
 11102 | D:11     | Noticed a cyclops
 11121 | D:11     | Killed a cyclops
 11152 | D:11     | You fall into a shaft and drop 1 floor!
 11153 | D:12     | Noticed a six-headed hydra
 11156 | D:12     | Noticed a four-headed hydra
 11158 | D:12     | Noticed a two-headed ogre
 11167 | D:12     | Noticed a death knight
 11167 | D:12     | Noticed a phantasmal warrior
 11167 | D:12     | Noticed a phantasmal warrior
 11167 | D:12     | Noticed a skeletal warrior
 11167 | D:12     | Noticed a skeletal warrior
 11167 | D:12     | Noticed a skeletal warrior
 11212 | D:12     | Noticed a boulder beetle
 11262 | D:11     | Killed a skeletal warrior
 11624 | Lair:1   | Entered Level 1 of the Lair of Beasts
 11763 | Lair:1   | Reached skill level 11 in Axes
 11839 | Lair:1   | Reached XP level 12. HP: 101/107 MP: 12/12
 12004 | Lair:1   | Reached skill level 5 in Evocations
 12076 | Lair:1   | Noticed a seven-headed hydra
 12086 | Lair:1   | Killed a three-headed hydra
 12087 | Lair:1   | Reached skill level 10 in Armour
 12087 | Lair:1   | Reached skill level 10 in Shields
 12853 | D:3      | Bought the +27 Lear's hauberk for 1691 gold pieces
 12853 | D:3      | Found the +27 Lear's hauberk
 13014 | Temple   | Fell from the grace of Gozag
 13014 | Temple   | Became a worshipper of Kikubaaqudgha
 13863 | Lair:2   | Noticed a six-headed hydra
 13876 | Lair:2   | Killed a one-headed hydra
 13877 | Lair:2   | Reached skill level 1 in Necromancy
 14399 | Lair:3   | Reached skill level 1 in Spellcasting
 14847 | Lair:3   | Noticed a seven-headed hydra
 14860 | Lair:3   | Killed a two-headed hydra
 14963 | Lair:3   | Found a staircase to the Snake Pit.
 15019 | Lair:3   | Noticed Rupert
 15026 | Lair:3   | Paralysed by Rupert for 3 turns
 15035 | Lair:3   | Killed Rupert
 15036 | Lair:3   | Reached skill level 12 in Axes
 15036 | Lair:3   | Reached skill level 5 in Slings
 15398 | Lair:3   | Noticed a six-headed hydra
 15406 | Lair:3   | Killed a two-headed hydra
 15423 | Lair:3   | Found a staircase to the Swamp.
 15809 | Lair:3   | Noticed Gastronok
 15842 | Lair:3   | Killed Gastronok
 15843 | Lair:3   | Reached XP level 13. HP: 108/116 MP: 15/15
 16179 | Lair:4   | Reached * piety under Kikubaaqudgha
 16179 | Lair:4   | Received a gift from Kikubaaqudgha
 16371 | Lair:4   | Found a runed translucent gate.
 16371 | Lair:4   | Found a runed translucent gate.
 16371 | Lair:4   | Found a runed translucent gate.
 16382 | Lair:4   | Learned a level 3 spell: Vampiric Draining
 16387 | Lair:4   | Learned a level 4 spell: Dispel Undead
 16394 | Lair:4   | Noticed Ucinyis's ghost (journeyman MfBe)
 16546 | Lair:3   | Mangled by a death yak

Illustrated notes

Levels and vault maps discovered:
D:1:      heliophobic_arrival_glass_houses, layout_basic,
          basic_ecumenical_altar, minmay_cut_off
D:2:      layout_basic, basic_altar, serial_glass, glass_columns_b,
          glass_columns_b, serial_bayou_ford_a, minmay_indecisive_spiral,
          uniq_crazy_yiuf_cottage
D:3:      layout_loops_ring, mainiacjoe_overflow_boulevard, serial_shops, shop,
          gup_sewer_entry_pipe
D:4:      layout_basic, serial_shops, shop, gammafunk_ghost_stat_death
D:5:      layout_basic, serial_shops, shop, uniq_edmund, uniq_duvessa,
          uniq_sigmund
D:6:      layout_basic, minmay_temple_entry_sparse_star, dk_noncrumbling_3,
          uniq_pikel
D:7:      layout_basic, serial_shops, nicolae_shop_trees, grunt_ministairs_3,
          uniq_menkaure
D:8:      layout_loops_cross, ploomutoo_gammafunk_ghost_potion_laboratory,
          minmay_unpleasant_kobolds, uniq_maurice
D:9:      layout_rooms, uniq_maggie
D:10:     layout_basic, david_lair_shrubbed, orc_david_3,
          kennysheep_small_square, uniq_josephine
D:11:     layout_long_grid, minmay_misc_feat_hallway
D:12:     minmay_the_grid_octo_2x2 [minmay_the_grid_octo_teeth,
          minmay_the_grid_octo_checkered, minmay_the_grid_octo_77,
          minmay_the_grid_octo_prize_single_spiral], layout_cave_pools,
          gauntlet_entry_generic, uniq_frances
Temple:   kilobyte_greek_temple
Lair:1:   layout_loops_ring, serial_bayou_shore_b, infiniplex_staircase_pool
Lair:2:   layout_long_grid, beast_lair_carwin_2, grunt_megastairs_3,
          lemuel_fruit_fields
Lair:3:   layout_layer_cave, swamp_mist_pool, dummy_snake_entry, uniq_rupert,
          uniq_gastronok
Lair:4:   layout_cave_shapes, gammafunk_ghost_necromancy, beast_lair_carwin_9,
          grunt_megastairs_2

Skill      XL: |  1  2  3  4  5  6  7  8  9 10 11 12 13 |
---------------+----------------------------------------+-----
Axes           | 3 4 5 7 8 9 11 12 | 12.3
Fighting       | 4 5 6 8 9 10 11 | 11.6
Throwing       | 1 2 3 4 5 6 |  6.0
Armour         | 4 5 6 7 8 9 10 | 10.7
Shields        | 4 5 6 7 8 9 10 | 10.7
Evocations     | 2 4 6 |  6.4
Slings         | 1 3 5 |  5.5
Necromancy     | 2 3 |  3.2
Spellcasting   | 1 2 |  2.2

Action                   |  1- 3 |  4- 6 |  7- 9 | 10-12 | 13-15 || total
-------------------------+-------+-------+-------+-------+-------++-------
Melee: War axe           |   141 |   136 |   339 |   704 |    83 ||  1403
Throw: Dart              |       |     9 |     7 |     8 |       ||    24
  Use: Scroll            |       |     7 |     2 |     9 |       ||    18
       Potion            |       |     1 |       |     1 |     1 ||     3
 Stab: Sleeping          |       |       |     2 |       |       ||     2
       Distracted        |       |       |       |     2 |       ||     2
Armor: Plate armour      |   103 |    61 |       |       |       ||   164
       Scale mail        |     1 |       |       |       |       ||     1
       Troll leather arm |       |    14 |   146 |   175 |       ||   335
       Chain mail        |       |       |       |   107 |    73 ||   180
Dodge: Dodged            |    34 |    79 |   334 |   291 |    34 ||   772
Block: Buckler           |    26 |    46 |   163 |   179 |       ||   414
       Kite shield       |       |       |       |    67 |    74 ||   141

Table legend: (Time is in decaauts)
 A = Elapsed time spent in this place.
 B = Non-inter-level travel time spent in this place.
 C = Inter-level travel time spent in this place.
 D = Time resting spent in this place.
 E = Time spent auto-exploring this place.
 F = Levels seen in this place.
 G = Mean time per level.
                   A        B        C        D        E       F      G
               +--------+--------+--------+--------+--------+-----+--------+
         Total |  16782 |  15310 |   1472 |    442 |  10843 |  18 |  932.3 |
       Dungeon |  11796 |  10523 |   1273 |    337 |   6889 |  12 |  983.0 |
        Temple |    242 |    179 |     63 |      0 |    121 |   1 |  242.0 |
          Lair |   4449 |   4314 |    135 |    105 |   3652 |   4 | 1112.2 |
         Sewer |    294 |    294 |      0 |      0 |    181 |   1 |  294.0 |
               +--------+--------+--------+--------+--------+-----+--------+

Top non-repeatable levels by time:
  Lair:3: 1854 daAuts
     D:4: 1512 daAuts
  Lair:2: 1386 daAuts
     D:1: 1353 daAuts
     D:5: 1341 daAuts
    D:10: 1303 daAuts
     D:6: 1152 daAuts
     D:8: 1148 daAuts
     D:2: 989 daAuts
     D:3: 973 daAuts
  Lair:1: 825 daAuts
     D:9: 726 daAuts
    D:11: 635 daAuts
     D:7: 588 daAuts
  Lair:4: 383 daAuts
